 Dungeon Crawl Stone Soup version 0.25-a0-713-g4845790 (webtiles) character file.

Game seed: 4646655103683311194, levelgen mode: deterministic

1339 BlueFish the Thaumaturge (level 8, -5/58 HPs)
             Began as a Mummy Wizard on Apr 5, 2020.
             Slain by an orc warrior
             ... wielding a +0 halberd
              (19 damage)
             ... on level 6 of the Dungeon.
             The game lasted 00:22:08 (11097 turns).

BlueFish the Thaumaturge (Mummy Wizard)            Turns: 11097, Time: 00:22:08

Health: -5/58      AC:  5    Str: 10    XL:     8   Next: 35%
Magic:  18/21      EV: 13    Int: 19    God:
Gold:   355        SH:  0    Dex: 11    Spells: 15/25 levels left

rFire    x . .     SeeInvis .   g - +0 whip
rCold    + . .     Gourm    .   (no shield)
rNeg     + + +     Faith    .   a - +0 robe
rPois    ∞         Spirit   .   j - +2 helmet
rElec    .         Reflect  .   (no cloak)
rCorr    +         Harm     .   (no gloves)
MR       +....                  (no boots)
Stlth    ++........             (no amulet)
HPRegen  0.19/turn              (no ring)
MPRegen  0.17/turn              m - ring of resist corrosion

@: no status effects
A: no food or potions, fire vulnerability, cold resistance 1, negative energy
resistance 3, torment resistance, unbreathing
a: no special abilities


You were on level 6 of the Dungeon.
You were not hungry.

You visited 2 branches of the dungeon, and saw 7 of its levels.
You also visited: Ossuary.

You collected 355 gold pieces.

Inventory:

Hand Weapons
 g - a +0 whip (weapon)
Armour
 a - a +0 robe (worn)
 b - the +2 robe of Xeagog {rC+ rN++, unknown}
   (You found it on level 5 of the Dungeon)

   It protects you from cold.
   It greatly protects you from negative energy.
 d - a +1 hat
 j - a +2 helmet (worn)
Jewellery
 m - a ring of resist corrosion (right hand)
Wands
 h - a wand of acid (16)
 i - a wand of iceblast (15)
Scrolls
 c - 5 scrolls of remove curse
 e - 2 scrolls of blinking
 f - 5 scrolls of identify
 k - a scroll of teleportation
 l - a scroll of immolation


   Skills:
 * Level 3.0 Fighting
 + Level 1.6 Maces & Flails
 * Level 3.5 Dodging
 * Level 3.6 Stealth
 * Level 9.1 Spellcasting
 + Level 2.7 Conjurations
 + Level 1.1 Summonings
 + Level 0.7 Translocations
 + Level 0.1 Air Magic


You had 15 spell levels left.
You knew the following spells:

 Your Spells              Type           Power        Failure   Level  Hunger
a - Magic Dart            Conj           ###.         2%          1    N/A
b - Blink                 Tloc           N/A          9%          2    N/A
c - Call Imp              Summ           ##......     8%          2    N/A
d - Slow                  Hex            #.......     12%         2    N/A
e - Mephitic Cloud        Conj/Pois/Air  ##......     16%         3    N/A

Your spell library contained the following spells:

 Spells                   Type           Power        Failure   Level  Hunger
 Conjure Flame            Conj/Fire      ##......     14%         3    N/A
 Lesser Beckoning         Tloc           ##........   19%         3    N/A
 Portal Projectile        Hex/Tloc       ##....       22%         3    N/A
 Ignite Poison            Fire/Tmut/Pois #.......     24%         3    N/A
 Inner Flame              Hex/Fire       #.......     24%         3    N/A
 Summon Forest            Summ/Tloc      ##........   83%         5    N/A

Dungeon Overview and Level Annotations

Branches:
Dungeon (6/15)             Temple (1/1) D:5         Ossuary (visited)

Altars:
Ashenzari
Cheibriados
Dithmenos
Elyvilon
Fedhas
Gozag
Hepliaklqana
Makhleb
Nemelex Xobeh
Ru
Trog
Uskayaw
Vehumet
Yredelemnul
Zin
The Shining One


Innate Abilities, Weirdness & Mutations

You do not eat or drink.
Your flesh is vulnerable to fire.
You are immune to poison.
Your flesh is cold resistant. (rC+)
You are immune to negative energy. (rN+++)
You are immune to unholy pain and torment.
You can survive without breathing.


Message History

The orc wizard barely misses you.
Casting: Mephitic Cloud (safe; 16% risk of failure)
Confirm with . or Enter, or press ? or * to list all spells.
Aiming: Slow (safe; 12% risk of failure)
Press: ? - help, Shift-Dir - straight line, f - orc wizard
Aim: an orc wizard, wielding a +0 dagger, wearing a +0 robe and wearing a +0 kite shield (severely wounded, fast, chance to defeat MR: 43%)
Okay, then.
Casting: Slow (safe; 12% risk of failure)
Confirm with . or Enter, or press ? or * to list all spells.
Aiming: Mephitic Cloud (safe; 16% risk of failure)
Press: ? - help, Shift-Dir - straight line, f - orc wizard
Aim: an orc wizard, wielding a +0 dagger, wearing a +0 robe and wearing a +0 kite shield (severely wounded, fast)
The ball explodes into a vile cloud!
The stinking cloud engulfs the orc wizard but does no damage.
The orc wizard is severely wounded.
The stinking cloud engulfs you but does no damage.
The stinking cloud engulfs the orc warrior but does no damage.
You hear a shout!
The orc warrior hits you from afar with a +0 halberd!!
You die...

..#
#.....###....###...######
..# #..!..##.....# #...#
.?# #.....##.....# #...#
..# #.....##.##### #...#
o.. #.....##.# #...# ..
#.######.# #...# .
#.######.# #...#
#......#.# #...#
######.#@# #...# #.#o#
##### #.#o# o.......#o#
o.......#.# ........#.#
........#.# o..o....#.#
....o..##.#


You could see an orc warrior, an orc wizard and an orc.

Vanquished Creatures
  Eustachio (D:6)
  An ogre (D:4)
  3 elf zombies (Ossuary)
  A bullfrog (D:6)
  2 howler monkeys
  2 centaur zombies
  3 hounds
  2 human zombies (Ossuary)
  An orc priest (D:4)
  An iguana (D:4)
  2 orc wizards
  3 worker ants
  A killer bee zombie (D:5)
  2 mummies (Ossuary)
  A worker ant zombie (D:5)
  8 adders
  6 gnolls
  2 oozes
  An adder zombie (Ossuary)
  An adder skeleton (D:4)
  3 worms
  2 dart slugs
  3 leopard geckos
  11 orcs
  4 giant cockroaches
  11 goblins
  6 hobgoblins
  6 jackals
  9 kobolds
  A quokka (D:5)
  3 ball pythons
  14 bats
  3 frilled lizards
  A goblin zombie (Ossuary)
  10 hobgoblin zombies (Ossuary)
  A jackal zombie (Ossuary)
  9 kobold zombies (Ossuary)
  A leopard gecko skeleton (D:5)
  8 orc zombies (Ossuary)
  A quokka skeleton (D:4)
  11 rats
  A rat zombie (Ossuary)
163 creatures vanquished.

Vanquished Creatures (collateral kills)
  A bullfrog zombie (D:6)
  A jelly (D:3)
  A worker ant (D:6)
  A worm (D:3)
4 creatures vanquished.

Grand Total: 167 creatures vanquished

Notes
Turn   | Place    | Note
-------+----------+-------------------------------------------
     0 | D:1      | BlueFish the Mummy Wizard began the quest for the Orb.
     0 | D:1      | Reached XP level 1. HP: 13/13 MP: 5/5
   171 | D:1      | Reached XP level 2. HP: 11/19 MP: 0/7
   931 | D:1      | Reached skill level 5 in Spellcasting
   959 | D:1      | Reached XP level 3. HP: 24/24 MP: 3/9
   963 | D:1      | Learned a level 2 spell: Blink
   966 | D:1      | Learned a level 2 spell: Call Imp
   969 | D:1      | Learned a level 2 spell: Slow
   973 | D:1      | Learned a level 3 spell: Mephitic Cloud
  2646 | D:2      | Reached XP level 4. HP: 24/30 MP: 4/11
  3002 | D:2      | Reached skill level 1 in Conjurations
  3458 | D:3      | Reached skill level 6 in Spellcasting
  4204 | D:3      | Reached XP level 5. HP: 36/36 MP: 7/13
  4599 | D:4      | Reached skill level 1 in Fighting
  4611 | D:4      | Noticed an ogre
  4767 | D:4      | Killed an ogre
  4767 | D:4      | Reached XP level 6. HP: 23/43 MP: 12/15
  4967 | D:4      | Reached skill level 7 in Spellcasting
  5441 | D:3      | Reached skill level 1 in Maces & Flails
  5673 | D:4      | Found a sacrificial altar of Ru.
  5827 | D:4      | HP: 2/44 [worker ant (5)]
  6758 | D:4      | Reached XP level 7. HP: 49/49 MP: 7/18
  6890 | D:5      | Entered Level 5 of the Dungeon
  7217 | D:5      | Found a sand-covered staircase.
  7226 | Ossuary  | Entered an ossuary
  8146 | Ossuary  | Reached skill level 8 in Spellcasting
  9462 | D:5      | Found a shadowy altar of Dithmenos.
  9498 | D:5      | Found a staircase to the Ecumenical Temple.
  9503 | Temple   | Entered the Ecumenical Temple
  9671 | D:5      | Got an ominously black robe
  9930 | D:6      | Found a hazy altar of Hepliaklqana.
  9993 | D:6      | Reached XP level 8. HP: 27/57 MP: 16/20
 10245 | D:6      | Noticed Eustachio
 10280 | D:6      | Killed Eustachio
 10280 | D:6      | Reached skill level 9 in Spellcasting
 10280 | D:6      | Reached skill level 1 in Summonings
 10526 | D:6      | Identified the Collected Works on the Blistering Voyage
 10989 | D:6      | Found a glowing silver altar of Zin.
 11097 | D:6      | Slain by an orc warrior

Levels and vault maps discovered:
D:1:      shiori_shiawase, layout_basic
D:2:      layout_basic, roderic_cross_of_infinity
D:3:      layout_loops_ring, kennysheep_generic_room_11
D:4:      layout_cave_pools, first_ration, nicolae_ru_great_annihilating_truth
D:5:      layout_basic, grunt_dithmenos_smoke, minmay_temple_entry_glassed_door,
          chequers_ossuary_entry_cave
D:6:      layout_basic, kennysheep_mini_moat, old_standard_altar, uniq_eustachio
Temple:   nicolae_temple_god_jail

Skill      XL: |  1  2  3  4  5  6  7  8 |
---------------+-------------------------+-----
Spellcasting   | 5 6 7 8 9 |  9.1
Stealth        | 2 3 |  3.6
Conjurations   | 1 2 |  2.7
Dodging        | 2 3 |  3.5
Fighting       | 1 2 3 |  3.0
Maces & Flails | 1 |  1.6
Summonings     | 1 |  1.1
Translocations | |  0.7
Air Magic      | |  0.1

Action                   |  1- 3 |  4- 6 |  7- 9 || total
-------------------------+-------+-------+-------++-------
Melee: Club              |     5 |       |       ||     5
       Short sword       |    16 |       |       ||    16
       Whip              |    31 |   114 |   123 ||   268
 Cast: Magic Dart        |   120 |   161 |   294 ||   575
       Mephitic Cloud    |     2 |    13 |     4 ||    19
       Call Imp          |       |     5 |     8 ||    13
       Blink             |       |     1 |     1 ||     2
       Slow              |       |       |     1 ||     1
  Use: Scroll            |     2 |     2 |     2 ||     6
 Stab: Sleeping          |       |     1 |       ||     1
       Confused          |       |     3 |     1 ||     4
Armor: Robe              |     9 |    17 |    59 ||    85
Dodge: Dodged            |    39 |   104 |   127 ||   270

Table legend:
 A = Non-vault XP
 B = Vault XP
 C = Vault XP percentage of total XP
 D = Non-vault monster count
 E = Vault monster count
 F = Vault count percentage of total count
                 A         B        C        D         E       F
            +---------+---------+-------+---------+---------+-------
      Total |    1217 |     697 |  36.4 |     123 |      44 |  26.3
            +---------+---------+-------+---------+---------+-------
        D:1 |      54 |       0 |   0.0 |      28 |       0 |   0.0
        D:2 |      70 |       0 |   0.0 |      25 |       0 |   0.0
        D:3 |     127 |       0 |   0.0 |      25 |       0 |   0.0
        D:4 |     457 |      39 |   7.9 |      24 |       4 |  14.3
        D:5 |     106 |       0 |   0.0 |       7 |       0 |   0.0
        D:6 |     403 |     175 |  30.3 |      14 |       1 |   6.7
    Ossuary |       0 |     483 | 100.0 |       0 |      39 | 100.0
            +---------+---------+-------+---------+---------+-------
